Cogmind - Beta 17.1 @@@ ROGUE MODE // 2026.09.17 @ 09:10:44 Player: Somberlain Result: Destroyed by S-27 Virus with Autogun Performance ------------- Evolutions (5) 2500 Regions Visited (13) 2600 Robots Destroyed (188) 940 Value Destroyed (6236) 6236 Prototype IDs (33) 660 Alien Tech Used (0) 0 Bonus (956) 956 TOTAL SCORE: 13892 Bonus ------- High Alert Combat Kills 29 Follower Combat Kills 627 Aligned with FarCom 300 Cogmind --------- Core Integrity 0/1000 Matter 300/300 Energy 339/375 System Corruption 5% Temperature Hot (280) Movement Treading (240) Ox1 Location -5/Upper Caves Parts ------- > --- POWER (2) -------- Light Fission Core Neutrino Core > --- PROPULSION (4) --- Improved Medium Treads Flexi-carbon Leg > --- UTILITY (9) ------ Improved Thermal Generator Advanced Signal Interpreter Makeshift Salvage Targeting Computer Improved Target Analyzer > --- WEAPON (2) ------- Tesla Rifle > --- INVENTORY (5) ---- Advanced Assault Cannon Phasing Sabre Phasing Sabre Spear Peak State ------------ > --- POWER ------------ Light Angular Momentum Engine Light Angular Momentum Engine > --- PROPULSION ------- Carbon-fiber Leg Carbon-fiber Leg Flexi-carbon Leg Myomer Leg > --- UTILITY ---------- Large Storage Unit Advanced Sensor Array Advanced Signal Interpreter Improved Melee Analysis Suite Core Analyzer Improved Reaction Control System Phase Shifter Hacking Suite System Shield > --- WEAPON ----------- Phasing Sabre Phasing Sabre > --- INVENTORY -------- Carbon-fiber Leg Advanced Heat Sink Improved Weapon Cycler Microactuators Microactuators Actuator Array Advanced ECM Suite Point Defense System Corruption Screen Improved Recalibrator Lightning Gun Arc Projector Heavy Missile Launcher Spear Spear [Rating: 81] Favorites ----------- Power Improved Deuterium Engine Engine Improved Deuterium Engine Power Core Micro Nuclear Core Propulsion VSS Leg Treads Heavy Treads Leg VSS Leg Hover Unit Hover Unit Flight Unit VTOL Module Utility Large Storage Unit Device Improved Heat Sink Storage Large Storage Unit Processor Advanced Signal Interpreter Hackware Hacking Suite Protection Medium Reactive Plating Weapon Spear Energy Gun Spread Laser Energy Cannon Firepult Ballistic Gun AWS/Gauss Ballistic Cannon Advanced Assault Cannon Launcher Heavy Missile Launcher Impact Weapon Heavy Hammer Slashing Weapon Phasing Sabre Piercing Weapon Spear Special Melee Weapon Improved Datajack Build | -11 -10 -10 -9 -9 -9 -8 -8 -7 -6 -6 -5 -5 -5 ------- Run | Yrd Mat Min Mat Min Exi Min Mat Fac Fac Ext Fac Upp Upp Slots Evolved 10 | . . . 2 . . . 2 2 2 . 2 . . Power 1 | . . . . . . . . . 1 . . . . Propulsion 2 | . . . . . . . 1 1 . . . . . Utility 7 | . . . 2 . . . 1 1 1 . 2 . . Weapon . | . . . . . . . . . . . . . . Parts Attached 136 | 6 5 1 14 4 1 . 11 24 15 20 18 7 10 Power 23 | 1 1 . 2 1 . . . 4 7 3 1 1 2 Engine 10 | 1 . . 1 1 . . . 1 4 2 . . . Core 13 | . 1 . 1 . . . . 3 3 1 1 1 2 Reactor . | . . . . . . . . . . . . . . Propulsion 33 | 2 . . 7 1 . . 5 3 2 6 3 2 2 Treads 2 | . . . . . . . . . . . 1 . 1 Leg 28 | 2 . . 5 1 . . 5 3 2 6 2 1 1 Wheel . | . . . . . . . . . . . . . . Hover 2 | . . . 2 . . . . . . . . . . Flight 1 | . . . . . . . . . . . . 1 . Utility 50 | 1 1 . 3 1 . . 4 11 5 9 9 2 4 Device 33 | . 1 . 1 . . . 4 8 3 8 4 1 3 Storage 2 | 1 . . 1 . . . . . . . . . . Processor 10 | . . . 1 . . . . 1 2 1 3 1 1 Hackware 4 | . . . . . . . . 2 . . 2 . . Protection 1 | . . . . 1 . . . . . . . . . Artifact . | . . . . . . . . . . . . . . Weapon 30 | 2 3 1 2 1 1 . 2 6 1 2 5 2 2 Energy Gun 15 | . 2 1 2 1 1 . . 1 . 1 3 2 1 Energy Cannon 2 | . 1 . . . . . 1 . . . . . . Ballistic Gun 3 | 2 . . . . . . 1 . . . . . . Ballistic Cannon 1 | . . . . . . . . . . . . . 1 Launcher 1 | . . . . . . . . . . 1 . . . Special Weapon . | . . . . . . . . . . . . . . Impact Weapon 2 | . . . . . . . . 2 . . . . . Slashing Weapon 3 | . . . . . . . . . 1 . 2 . . Piercing Weapon 2 | . . . . . . . . 2 . . . . . Special Melee Weapon 1 | . . . . . . . . 1 . . . . . Unidentified Prototypes 1 | . . . . . . . . . . . 1 . . Parts Lost 60 | . . 1 3 2 . . 2 5 5 12 11 13 6 Power 11 | . . 1 . . . . . 3 1 2 2 2 . Propulsion 19 | . . . 3 . . . . . 2 5 5 4 . Utility 26 | . . . . 1 . . 2 2 2 5 4 6 4 Weapon 4 | . . . . 1 . . . . . . . 1 2 Highest Loss Streak 7 | . . 1 1 2 . . 1 2 2 5 7 6 5 To Critical Strikes 1 | . . . . 1 . . . . . . . . . Average Backups 11 | . 4 8 11 12 14 13 12 12 12 12 14 13 4 Power . | . . . . 1 1 . . . . . . . . Propulsion . | . . . 1 2 2 2 1 . 1 . . . . Utility 4 | . . 2 2 3 5 5 5 4 4 6 8 8 . Weapon 5 | . 2 5 6 5 5 6 5 5 5 4 4 4 4 Tool/Special . | . . . . . . . . . . . . . . Unused Backups 20 | . . . 5 . 3 . 3 5 . . 1 3 . Power 3 | . . . . . 1 . 1 1 . . . . . Propulsion 3 | . . . 1 . . . 1 . . . 1 . . Utility 8 | . . . 1 . . . 1 3 . . . 3 . Weapon 6 | . . . 3 . 2 . . 1 . . . . . Tool/Special . | . . . . . . . . . . . . . . Average Slot Usage (%) 88 | . 93 99 85 91 95 88 85 91 99 92 87 77 59 Engine 5 | . 5 10 5 5 11 11 9 3 4 8 6 . . Core 3 | . 8 2 5 5 . . . 3 8 3 . 6 6 Leg 22 | . 28 28 20 22 22 22 26 29 25 23 18 10 1 Device 18 | . 8 14 18 22 22 22 22 19 19 20 18 13 11 Storage 7 | . 14 14 11 11 11 11 9 7 6 6 5 4 . Processor 6 | . . . 1 . . . . 6 6 12 15 21 22 Hackware 4 | . . . . . . . . 9 12 3 6 4 . Protection 1 | . . . . 3 11 11 9 . . . . . . Energy Gun 8 | . 14 28 22 21 17 11 5 3 . 2 . . 9 Ballistic Gun 1 | . 12 . . . . . 2 1 . . . . . Piercing Weapon 3 | . . . . . . . . . 12 8 4 10 . Peak Build Rating 81 | 6 14 14 19 26 41 41 52 61 67 72 81 77 67 Average Rating 45 | 3 10 12 16 20 31 41 46 56 59 61 70 63 52 On Entrance 35 | . 6 14 12 19 26 41 41 47 57 64 67 77 24 Avg Prop Armor Cover (%) 7 | . . . . . . . . 4 . . 19 17 5 Naked Turns . | . . . . . . . . . . . . . . Heaviest Build 77 | 13 18 17 36 59 61 61 77 55 51 67 56 54 49 Greatest Support 75 | 20 20 20 20 25 25 25 42 59 59 75 75 50 30 Greatest Overweight (x) 9 | . . . 5 2 2 2 1 1 1 1 9 2 1 Average Overweight (x) . | . . . . 1 2 2 1 . . . . . . Largest Inventory Capacity 15 | 8 8 8 15 15 15 15 15 15 15 15 15 15 5 Average Capacity 14 | 6 8 8 14 15 15 15 15 15 15 15 15 13 5 Most Carried 15 | . 8 8 14 15 15 15 15 15 15 15 15 15 5 Average Carried 12 | . 4 7 11 12 14 15 14 14 14 12 14 13 4 Final Capacity 15 | 8 8 8 15 15 15 15 15 15 15 15 15 5 5 Final Carried 15 | . 8 8 12 15 15 15 15 15 15 14 14 5 4 Class Distribution -------------------- 54% | Mutant 13% | Scavenger-Gladiator 8% | Hacker-Gladiator 8% | Hacker-Mutant 5% | Gladiator 4% | Scavenger-Mutant 3% | Derelict-Mutant Dominant Class ---------------- Mutant | -10/Materials Mutant | -10/Mines Mutant | -9/Materials Mutant | -9/Mines Mutant | -9/Exiles Mutant | -8/Mines Mutant | -8/Materials Mutant | -7/Factory Hacker-Gladiator | -6/Factory Scavenger-Gladiator | -6/Extension Scavenger-Gladiator | -5/Factory Gladiator | -5/Upper Caves Derelict-Mutant | -5/Upper Caves Resources | -11 -10 -10 -9 -9 -9 -8 -8 -7 -6 -6 -5 -5 -5 ----------- Run | Yrd Mat Min Mat Min Exi Min Mat Fac Fac Ext Fac Upp Upp Matter Collected 2694 | 227 169 25 170 70 . . 190 424 376 406 254 238 145 Remotely . | . . . . . . . . . . . . . . Salvage Created 7172 | . 412 138 911 142 . . 1598 1161 525 1338 300 527 120 Parts 386 | . 29 13 58 6 . . 84 56 39 57 14 24 6 Haulers Intercepted 11 | . 2 . 6 . . . 2 . . 1 . . . Recyclers Shooed 2 | . . . . . . . 2 . . . . . . Parts Field Recycled . | . . . . . . . . . . . . . . Retrieved Matter . | . . . . . . . . . . . . . . Parts Self-Destructed 25 | . . . . . . . . . . . . 20 5 Prevented 4 | . . . . . . . . . . . . . 4 Parts Restored 4 | . . . . . . . . 4 . . . . . Broken 4 | . . . . . . . . 4 . . . . . Kills | -11 -10 -10 -9 -9 -9 -8 -8 -7 -6 -6 -5 -5 -5 ------- Run | Yrd Mat Min Mat Min Exi Min Mat Fac Fac Ext Fac Upp Upp Combat Hostiles Destroyed 147 | . 10 9 24 2 . . 27 24 9 20 5 13 4 Melee 32 | . . . . . . . . . 8 9 5 10 . Guns 96 | . 10 9 24 2 . . 26 16 1 4 . . 4 AOE 13 | . . . . . . . 1 5 . 4 . 3 . Classes Destroyed 14 | . 5 . 4 1 . . 3 1 . . . . . Worker 4 | . . . 1 . . . 3 . . . . . . Builder 4 | . . . . . . . 2 2 . . . . . Tunneler 1 | . . . . . . . 1 . . . . . . Hauler 11 | . 2 . 6 . . . 2 . . 1 . . . Recycler 5 | . 1 . . 1 . . 2 . . 1 . . . Operator 6 | . 1 . . . . . 3 1 . 1 . . . Watcher 10 | . . . 3 . . . 4 2 . 1 . . . Swarmer 49 | . 3 6 6 . . . 10 6 . 3 . 11 4 Grunt 48 | . 7 3 7 1 . . 10 11 1 6 2 . . Brawler 2 | . . . . 1 . . 1 . . . . . . Duelist 2 | . . . 2 . . . . . . . . . . Sentry 27 | . . . 9 . . . 5 2 3 7 1 . . Hunter 6 | . . . . . . . 1 1 1 3 . . . Programmer 12 | . . . . . . . . 4 4 . 2 2 . Butcher 1 | . . . . . . . . . . 1 . . . Best Kill Streak 7 | . 3 3 4 2 . . 7 4 3 4 2 4 3 Combat Bots Only 6 | . 3 3 3 2 . . 6 4 3 4 2 4 3 Max Kills in Single Turn 3 | . 2 2 2 1 . . 3 3 1 2 1 2 1 Gunslinging . | . . . . . . . . . . . . . . Exploded 2 | . . . . . . . 1 2 . 2 . 2 . Melee 1 | . . . . . . . . . 1 1 1 1 . Uniques/NPCs Destroyed . | . . . . . . . . . . . . . . Combat | -11 -10 -10 -9 -9 -9 -8 -8 -7 -6 -6 -5 -5 -5 -------- Run | Yrd Mat Min Mat Min Exi Min Mat Fac Fac Ext Fac Upp Upp Hostile Shots Fired 889 | . 33 17 62 2 . . 56 108 132 227 73 117 62 Missed 319 | . 10 5 19 . . . 19 38 53 94 21 38 22 Hits 570 | . 23 12 43 2 . . 37 70 79 133 52 79 40 Melee 9 | . . . 4 2 . . . . . . . . 3 Projectile 561 | . 23 12 39 . . . 37 70 79 133 52 79 37 Critical Strikes 19 | . 1 . 2 1 . . 2 2 5 2 3 1 . Part Disruptions 1 | . . . . . . . . 1 . . . . . Damage Taken 7977 | . 310 128 609 32 . . 431 1174 898 1511 1052 1265 567 Core 1957 | . 78 14 104 . . . 25 191 242 299 343 490 171 Absorbed by Shields 72 | . . . . . . . . . 8 64 . . . Ignored by Resistances 84 | . . . . . . . 84 . . . . . . Regen/Repaired (Parts) 393 | . . . 37 . . . 17 283 . . 56 . . Core Remaining (%) 73 | 100 . 63 . . . 74 95 72 . 36 . . . Volleys Fired 199 | . 43 13 66 4 . . 8 11 . 32 3 6 13 Largest 2 | . 2 2 2 2 . . 2 1 . 2 1 1 2 Hottest 250 | . 130 130 130 130 . . 250 250 . 250 65 65 120 Shots Fired 557 | . 85 26 132 8 . . 119 99 2 58 3 6 19 Gun 525 | . 84 26 132 8 . . 114 88 2 45 3 4 19 Cannon 23 | . 1 . . . . . 5 11 . 6 . . . Launcher 9 | . . . . . . . . . . 7 . 2 . Special . | . . . . . . . . . . . . . . Kinetic 109 | . 48 . . . . . 5 47 2 7 . . . Thermal 375 | . 37 26 132 8 . . 114 52 . 6 . . . Explosive 9 | . . . . . . . . . . 7 . 2 . Electromagnetic 64 | . . . . . . . . . . 38 3 4 19 Robot Hit Streak 22 | . 11 10 20 22 . . 13 11 3 10 2 1 5 Robot Miss Streak 8 | . 6 6 8 1 . . 3 3 . 3 1 3 2 Penetration Max . | . . . . . . . . . . . . . . Secondary Targets 3 | . 1 . 1 . . . . . . 1 . . . Max Gunslinging Chain 1 | . 1 . 1 . . . . . . 1 . . . Autonomous 209 | . . . . . . . 109 90 2 8 . . . Shots Hit Robots 560 | . 57 22 115 7 . . 84 78 38 84 33 28 14 Core Hits 448 | . 43 31 156 13 . . 52 48 14 57 11 18 5 Critical Kills 1 | . . . . . . . . 1 . . . . . Critical Parts Destroyed . | . . . . . . . . . . . . . . Critical Strikes 20 | . . . . . . . . 1 2 6 7 2 2 Destroy 1 | . . . . . . . . 1 . . . . . Corrupt 2 | . . . . . . . . . . . . . 2 Sever 7 | . . . . . . . . . . . 7 . . Impale 10 | . . . . . . . . . 2 6 . 2 . Melee Attacks 215 | . . . . . . . . 8 78 42 44 39 4 Impact 7 | . . . . . . . . 7 . . . . . Slashing 43 | . . . . . . . . . . . 43 . . Piercing 165 | . . . . . . . . 1 78 42 1 39 4 Sneak Attacks 8 | . . . . . . . . 1 . 7 . . . Combat Hostiles . | . . . . . . . . . . . . . . Follow-up Attacks 22 | . . . . . . . . . 9 4 6 3 . Damage Inflicted 15957 | . 662 305 1859 132 . . 3078 2938 1114 2874 1374 1278 343 Guns 8589 | . 662 305 1859 132 . . 2625 2021 82 573 29 12 289 Cannons 216 | . . . . . . . 84 107 . 25 . . . Explosions 2407 | . . . . . . . 367 755 . 950 . 335 . Melee 4742 | . . . . . . . . 54 1032 1326 1345 931 54 Ramming 3 | . . . . . . . 2 1 . . . . . Kinetic 1700 | . 274 . . . . . 180 1027 82 137 . . . Thermal 7716 | . 388 305 1859 132 . . 2896 1856 . 280 . . . Explosive 1030 | . . . . . . . . . . 695 . 335 . Electromagnetic 766 | . . . . . . . . . . 436 29 12 289 Impact . | . . . . . . . . . . . . . . Slashing 1345 | . . . . . . . . . . . 1345 . . Piercing 3397 | . . . . . . . . 54 1032 1326 . 931 54 Highest Corruption 5 | . . . . 3 3 3 1 3 3 3 5 5 5 Average Corruption 2 | . . . . 2 3 3 1 2 1 2 3 5 5 Corruption Purged 3 | . . . . . . . . . . 3 . . . Corruption Blocked 3 | . . . . . . . . . . . . 3 . Effects 154 | . . . . 8 12 13 3 31 9 14 20 31 13 Message Errors 40 | . . . . 3 1 5 . 5 6 3 6 8 3 Matter Fused 41 | . . . . 2 3 3 1 6 1 4 7 9 5 Heat Flow Errors 16 | . . . . . 1 1 . 5 . 2 2 2 3 Energy Discharges 18 | . . . . 1 2 2 1 3 . 4 . 5 . Parts Fused 3 | . . . . . 1 . . 1 1 . . . . Data Loss (minor) 22 | . . . . . 4 1 . 8 . . 3 5 1 Data Loss (major) 9 | . . . . . . . 1 3 1 1 1 2 . Misfires 1 | . . . . 1 . . . . . . . . . Alerts 4 | . . . . 1 . 1 . . . . 1 . 1 Overload Shots . | . . . . . . . . . . . . . . Overflow Damage 377 | . . . . . . . 1 16 50 109 31 170 . Projectiles . | . . . . . . . . . . . . . . Explosions 49 | . . . . . . . 1 16 . 32 . . . Melee 328 | . . . . . . . . . 50 77 31 170 . Knockbacks . | . . . . . . . . . . . . . . Impact . | . . . . . . . . . . . . . . Kinetic . | . . . . . . . . . . . . . . Secondary . | . . . . . . . . . . . . . . Self-Inflicted Damage 147 | . . . . . . . 71 44 . 22 . 10 . Shots 13 | . . . . . . . 6 3 . 3 . 1 . Rammed . | . . . . . . . . . . . . . . Targets Rammed 2 | . . . . . . . 1 1 . . . . . Kicked 2 | . . . . . . . 1 1 . . . . . Crushed . | . . . . . . . . . . . . . . Highest Temperature 492 | . 224 131 114 42 122 74 259 255 8 492 173 254 280 Average Temperature 76 | . 68 52 34 24 64 44 107 104 8 151 88 134 119 Received Heat Transfer 1410 | . 147 45 183 . . . 135 189 90 312 273 . 36 Effects 6 | . . . . . . . . 1 . 5 . . . Shutdowns 2 | . . . . . . . . . . 2 . . . Interference 4 | . . . . . . . . 1 . 3 . . . Siege Activations . | . . . . . . . . . . . . . . Martial Activations . | . . . . . . . . . . . . . . Shielding Activations . | . . . . . . . . . . . . . . Robots Disrupted 2 | . . . . . . . . . . 1 1 . . Combat Hostiles 2 | . . . . . . . . . . 1 1 . . Robots Corrupted 1 | . . . . . . . . . . 1 . . . Combat Hostiles 1 | . . . . . . . . . . 1 . . . Parts Fried 4 | . . . . . . . . . . 3 . . 1 Impact Corruptions . | . . . . . . . . . . . . . . Robots Melted 6 | . . . . . . . 1 3 . 2 . . . Combat Hostiles 5 | . . . . . . . . 3 . 2 . . . Parts Melted 26 | . 1 1 1 . . . 6 13 . 4 . . . Heat Transferred 16692 | . 500 370 2300 165 . . 5293 5984 . 2080 . . . Parts Sabotaged . | . . . . . . . . . . . . . . Parts Stolen 2 | . . . . . . . . . . . . . 2 Parts Stripped . | . . . . . . . . . . . . . . Power Chain Reactions . | . . . . . . . . . . . . . . Alert | -11 -10 -10 -9 -9 -9 -8 -8 -7 -6 -6 -5 -5 -5 ------- Run | Yrd Mat Min Mat Min Exi Min Mat Fac Fac Ext Fac Upp Upp Maximum Alert Level 2 | . . . 1 . . . 2 2 . . . . . Low Security (%) 71 | 100 100 100 80 100 . 100 32 30 100 100 100 . . Level 1 26 | . . . 19 . . . 60 65 . . . . . Level 2 1 | . . . . . . . 6 3 . . . . . Level 3 . | . . . . . . . . . . . . . . Level 4 . | . . . . . . . . . . . . . . Level 5 . | . . . . . . . . . . . . . . High Security . | . . . . . . . . . . . . . . Max Security . | . . . . . . . . . . . . . . Peak Influence 450 | . 150 105 252 120 . . 450 426 130 191 90 . . Initial 130 | . . 39 34 90 . . . 108 130 6 90 . . Average 114 | . 72 39 78 32 . . 226 225 26 96 22 . . Influence Increases 5061 | . 312 235 762 55 . . 853 1053 321 836 214 315 105 Destroy 0b10 Robot/C 3260 | . 200 180 480 40 . . 540 680 180 520 100 260 80 Destroy 0b10 Robot/NC 225 | . 20 . 50 5 . . 85 30 . 25 . 10 . Destroy Leader 774 | . 44 40 158 10 . . 122 176 80 74 30 30 10 Allied During Kill 128 | . . . . . . . . 66 . 62 . . . Successful Hack 159 | . 33 . 44 . . . 13 13 25 28 3 . . Disable Machine 75 | . 15 . . . . . . 60 . . . . . Destroy Structure 170 | . . . . . . . 63 28 21 52 6 . . Partial Spotted 15 | . . . . . . . . . . 15 . . . Lose Combat Pursuer 255 | . . 15 30 . . . 30 . 15 60 75 15 15 Influence Decreases 5011 | . 211 247 619 287 . . 614 1024 576 664 392 286 91 Entered New Map 642 | . . 62 55 142 . . . 131 138 7 95 4 8 Time Decay 3472 | . 211 175 544 125 . . 454 653 412 437 251 157 53 Lost Part 447 | . . 10 20 20 . . 10 50 26 120 36 125 30 Lost Ally 150 | . . . . . . . . 40 . 100 10 . . Purge Threat 300 | . . . . . . . 150 150 . . . . . Squads Dispatched 26 | . 1 . . . . . 1 10 6 5 3 . . Investigation 6 | . . . . . . . . 1 . 4 1 . . Extermination 11 | . . . . . . . . 5 4 . 2 . . Reinforcement 9 | . 1 . . . . . 1 4 2 1 . . . Assault . | . . . . . . . . . . . . . . Garrison . | . . . . . . . . . . . . . . Intercept . | . . . . . . . . . . . . . . Searches Triggered . | . . . . . . . . . . . . . . Construction Impeded 2 | . . . . . . . . 2 . . . . . Haulers Reinforced . | . . . . . . . . . . . . . . Active Scanning Responses . | . . . . . . . . . . . . . . Cargo Convoy Interrupts . | . . . . . . . . . . . . . . Stealth | -11 -10 -10 -9 -9 -9 -8 -8 -7 -6 -6 -5 -5 -5 --------- Run | Yrd Mat Min Mat Min Exi Min Mat Fac Fac Ext Fac Upp Upp Distress Signals 20 | . 2 . 5 . . . 6 1 3 3 . . . Communications Jammed . | . . . . . . . . . . . . . . Distress Signals . | . . . . . . . . . . . . . . Times Spotted 230 | . 16 11 35 1 . . 37 41 18 33 15 14 9 Peak Tracking Total 7 | . 4 3 3 1 . . 4 7 3 6 5 4 4 Tactical Retreats 17 | . . 1 2 . . . 1 . 1 4 6 1 1 ECM-based Alert Blocks 5 | . . . . . . . . . . . 5 . . Traps | -11 -10 -10 -9 -9 -9 -8 -8 -7 -6 -6 -5 -5 -5 ------- Run | Yrd Mat Min Mat Min Exi Min Mat Fac Fac Ext Fac Upp Upp Traps Triggered 10 | . 1 . . . . . 2 3 2 2 . . . Indirectly . | . . . . . . . . . . . . . . Trap Hack Attempts . | . . . . . . . . . . . . . . Triggered . | . . . . . . . . . . . . . . Disarmed . | . . . . . . . . . . . . . . Reprogrammed . | . . . . . . . . . . . . . . Reused . | . . . . . . . . . . . . . . Traps Extracted . | . . . . . . . . . . . . . . Installed . | . . . . . . . . . . . . . . Triggered . | . . . . . . . . . . . . . . Machines | -11 -10 -10 -9 -9 -9 -8 -8 -7 -6 -6 -5 -5 -5 ---------- Run | Yrd Mat Min Mat Min Exi Min Mat Fac Fac Ext Fac Upp Upp Machines Disabled 8 | . 1 . . . . . . 4 . 3 . . . Max in Single Turn 1 | . 1 . . . . . . 1 . 1 . . . Garrison Access 1 | . . . . . . . . 1 . . . . . Machines Repaired . | . . . . . . . . . . . . . . Machines Dismantled . | . . . . . . . . . . . . . . Machines Sabotaged . | . . . . . . . . . . . . . . Overloaded Fab Kills . | . . . . . . . . . . . . . . Hacking | -11 -10 -10 -9 -9 -9 -8 -8 -7 -6 -6 -5 -5 -5 --------- Run | Yrd Mat Min Mat Min Exi Min Mat Fac Fac Ext Fac Upp Upp Machines Accessed 58 | . 4 1 16 1 2 1 5 11 6 7 4 . . Terminals 35 | . 4 1 11 . . 1 3 4 4 6 1 . . Fabricators 2 | . . . . . . . . 2 . . . . . Repair Stations 7 | . . . 2 . . . 1 2 . . 2 . . Recycling Units 4 | . . . 1 . . . . 1 1 1 . . . Scanalyzers 4 | . . . 2 . . . 1 . 1 . . . . Garrison Access 3 | . . . . . . . . 2 . . 1 . . Total Hacks 144 | . 12 1 39 1 2 4 15 31 16 12 11 . . Successful 65 | . 4 1 18 1 2 . 5 18 8 4 4 . . Failed 77 | . 7 . 21 . . 4 9 13 8 8 7 . . Catastrophic 20 | . 1 . 5 . . 1 3 1 2 4 3 . . Database Lockouts 2 | . 1 . . . . . 1 . . . . . . Manual 53 | . 9 2 23 . 1 4 11 . 2 1 . . . Terminals 86 | . 12 1 31 . . 4 10 7 10 10 1 . . Fabricators 5 | . . . . . . . . 5 . . . . . Repair Stations 26 | . . . 3 . . . 3 11 . . 9 . . Recycling Units 9 | . . . 1 . . . . 4 2 2 . . . Scanalyzers 10 | . . . 4 . . . 2 . 4 . . . . Garrison Access 5 | . . . . . . . . 4 . . 1 . . Terminal Hacks 32 | . 4 1 11 1 2 . 3 3 4 3 . . . Record 2 | . . . . . 1 . . . . 1 . . . Part Schematic 1 | . . . . . . . . 1 . . . . . Robot Analysis 10 | . 2 1 2 . . . 1 . 3 1 . . . Prototype ID Bank 5 | . 2 . 3 . . . . . . . . . . Open Door 2 | . . . . 1 . . . . . 1 . . . Level Access Points 1 | . . . . . . . . . 1 . . . . Branch Access Points 1 | . . . 1 . . . . . . . . . . Terminal Index 1 | . . . . . . . 1 . . . . . . Unreport Threat 2 | . . . . . . . 1 1 . . . . . Locate Traps 1 | . . . 1 . . . . . . . . . . Dispatch Records 1 | . . . 1 . . . . . . . . . . Security Status 1 | . . . 1 . . . . . . . . . . Investigation Status 1 | . . . . . . . . 1 . . . . . Hauler Manifests 1 | . . . 1 . . . . . . . . . . Zone Layout 1 | . . . 1 . . . . . . . . . . Proto ID Catalog 1 | . . . . . 1 . . . . . . . . Fabricator Hacks 4 | . . . . . . . . 4 . . . . . Load Schematic 1 | . . . . . . . . 1 . . . . . Build 3 | . . . . . . . . 3 . . . . . Repair Station Hacks 17 | . . . 2 . . . 2 9 . . 4 . . Scan Component 10 | . . . 1 . . . 1 5 . . 3 . . Repair 7 | . . . 1 . . . 1 4 . . 1 . . Recycling Unit Hacks 3 | . . . 1 . . . . 1 . 1 . . . Retrieve Components 3 | . . . 1 . . . . 1 . 1 . . . Scanalyzer 8 | . . . 4 . . . . . 4 . . . . Retrieve Study 8 | . . . 4 . . . . . 4 . . . . Garrison Access Hacks 1 | . . . . . . . . 1 . . . . . Seal Access 1 | . . . . . . . . 1 . . . . . Unauthorized Hacks . | . . . . . . . . . . . . . . Terminals . | . . . . . . . . . . . . . . Fabricators . | . . . . . . . . . . . . . . Repair Stations . | . . . . . . . . . . . . . . Recycling Units . | . . . . . . . . . . . . . . Scanalyzers . | . . . . . . . . . . . . . . Garrison Access . | . . . . . . . . . . . . . . Data Cores Recovered . | . . . . . . . . . . . . . . Used . | . . . . . . . . . . . . . . Hacking Detections 46 | . 4 . 13 . . 1 4 8 6 6 4 . . Full Trace Events 5 | . . . . . . . . 1 . 3 1 . . Feedback Events . | . . . . . . . . . . . . . . Feedback Blocked . | . . . . . . . . . . . . . . Robot Schematics Acquired . | . . . . . . . . . . . . . . Robots Built 2 | . . . . . . . . 2 . . . . . Authchips . | . . . . . . . . . . . . . . Time 134 | . . . . . . . . 134 . . . . . Total Robot Build Rating 8 | . . . . . . . . 8 . . . . . Part Schematics Acquired 1 | . . . . . . . . 1 . . . . . Parts Built 3 | . . . . . . . . 3 . . . . . Authchips . | . . . . . . . . . . . . . . Time 148 | . . . . . . . . 148 . . . . . Total Part Build Rating 16 | . . . . . . . . 16 . . . . . Part Studies Acquired 8 | . . . 4 . . . . . 4 . . . . Parts Repaired 7 | . . . 1 . . . 1 4 . . 1 . . Time 284 | . . . 38 . . . 38 152 . . 56 . . Parts Recycled . | . . . . . . . . . . . . . . Recycled Matter . | . . . . . . . . . . . . . . Retrieved Matter . | . . . . . . . . . . . . . . Retrieved Components 18 | . . . 10 . . . . 1 . 7 . . . Parts Scanalyzed . | . . . . . . . . . . . . . . Part Schematics Acquired . | . . . . . . . . . . . . . . Parts Damaged . | . . . . . . . . . . . . . . Bothacking | -11 -10 -10 -9 -9 -9 -8 -8 -7 -6 -6 -5 -5 -5 ------------ Run | Yrd Mat Min Mat Min Exi Min Mat Fac Fac Ext Fac Upp Upp Used RIF Installer . | . . . . . . . . . . . . . . Robots Hacked . | . . . . . . . . . . . . . . Non-combat . | . . . . . . . . . . . . . . Combat . | . . . . . . . . . . . . . . Robot Hacks Applied . | . . . . . . . . . . . . . . Relay Couplers Released 4 | . . . . . . . . . 4 . . . . Programmers 4 | . . . . . . . . . 4 . . . . Fabnet Peak Effective % . | . . . . . . . . . . . . . . Robots Rewired 8 | . . . . . . . . . . 7 1 . . Allies Hacked 1 | . . . . . . . . 1 . . . . . Hacks Repelled . | . . . . . . . . . . . . . . Allies | -11 -10 -10 -9 -9 -9 -8 -8 -7 -6 -6 -5 -5 -5 -------- Run | Yrd Mat Min Mat Min Exi Min Mat Fac Fac Ext Fac Upp Upp Total Allies 12 | . . . . . . . . 2 . 8 1 1 . Largest Group 5 | . . . . . . . . 2 . 5 1 1 . Highest-Rated Group 249 | . . . . . . . . 64 . 249 29 146 . Highest-Rated Ally 159 | . . . . . . . . 32 . 159 29 146 . Total Orders 5 | . . . . . . . . . . . 2 3 . EXPLORE 5 | . . . . . . . . . . . 2 3 . Ally Attacks 85 | . . . . . . . . 38 . 35 12 . . Total Damage 2432 | . . . . . . . . 1078 . 1206 148 . . Kills 20 | . . . . . . . . 11 . 9 . . . Allies Corrupted . | . . . . . . . . . . . . . . Allies Melted . | . . . . . . . . . . . . . . Intel | -11 -10 -10 -9 -9 -9 -8 -8 -7 -6 -6 -5 -5 -5 ------- Run | Yrd Mat Min Mat Min Exi Min Mat Fac Fac Ext Fac Upp Upp Active Infowar (turns) 10628 | . . . 1531 471 712 717 239 2955 1446 930 675 952 . Sensors 6958 | . . . . . . . . 2955 1446 930 675 952 . Traps 3670 | . . . 1531 471 712 717 239 . . . . . . ECM 29 | . . . . . . . . . . . 29 . . Robot Analysis Total 10 | . 2 1 2 . . . 1 . 3 1 . . . Derelict Logs Recovered 2 | . . 1 . 1 . . . . . . . . . Drone Launches 5 | . . . . . . . . . . . 2 3 . Drone Recoveries 3 | . . . . . . . . . . . 1 2 . Exploration | -11 -10 -10 -9 -9 -9 -8 -8 -7 -6 -6 -5 -5 -5 ------------- Run | Yrd Mat Min Mat Min Exi Min Mat Fac Fac Ext Fac Upp Upp Turns Passed 15347 | 54 524 433 2262 471 712 717 1454 3190 1485 1137 1052 1260 596 Spaces Moved 8146 | 41 315 309 971 125 280 239 694 1784 1097 706 624 663 298 Core 209 | 5 . . . . . . . . . . 1 110 93 Treads 205 | . . . . . . . . . . . . . 205 Legs 7629 | 36 315 309 929 125 280 239 694 1784 1097 706 623 492 . Wheels . | . . . . . . . . . . . . . . Hover 42 | . . . 42 . . . . . . . . . . Flight 61 | . . . . . . . . . . . . 61 . Fastest Speed 35 | 50 120 120 120 175 252 252 180 90 82 82 112 35 50 Average Speed 142 | 111 120 120 171 208 252 252 182 136 91 115 118 124 179 Slowest Speed 500 | 120 120 120 370 252 252 252 186 183 180 177 500 245 240 Overloaded Moves . | . . . . . . . . . . . . . . Propulsion Burnouts . | . . . . . . . . . . . . . . Robots Hopped . | . . . . . . . . . . . . . . Potential Cave-ins . | . . . . . . . . . . . . . . Cave-ins Triggered . | . . . . . . . . . . . . . . Exploration Rate (%) 49 | 4 49 89 83 29 61 46 65 42 16 67 21 96 25 Regions Visited 13 Branch Regions 7 Pre-discovered Areas . | . . . . . . . . . . . . . . Known Exits Taken 6 | . . . 1 . . . . 1 1 1 1 1 . Unknown Exits Taken 7 | 1 1 1 . 1 1 1 1 . . . . . . Scrap Searched 8 | . . 2 . . . . . . . . . 3 3 Spaces Dug 27 | . . . . . . . . 3 20 1 3 . . Terrain Destroyed 223 | . . . . . . . 61 22 23 79 3 35 . Melee 27 | . . . . . . . . 3 20 1 3 . . Projectile 59 | . . . . . . . 34 19 3 3 . . . AOE 137 | . . . . . . . 27 . . 75 . 35 . Terrain Rammed . | . . . . . . . . . . . . . . Walls Destroyed . | . . . . . . . . . . . . . . Machines Disabled . | . . . . . . . . . . . . . . Actions | -11 -10 -10 -9 -9 -9 -8 -8 -7 -6 -6 -5 -5 -5 --------- Run | Yrd Mat Min Mat Min Exi Min Mat Fac Fac Ext Fac Upp Upp Total 11328 | 46 378 344 1433 329 291 355 874 2534 1537 947 883 1045 332 Wait 2306 | . 8 20 355 187 . 117 127 607 308 86 167 321 3 Move 8133 | 40 314 308 970 124 279 238 693 1783 1096 705 623 662 298 Hop . | . . . . . . . . . . . . . . Pick Up 113 | . 8 1 12 5 3 . 12 38 13 7 11 2 1 Fast Attach 76 | 6 1 . 5 1 . . 7 12 6 12 10 7 9 Attach 84 | . . 1 4 2 1 . 7 27 14 14 11 1 2 Detach 26 | . . . . . 2 . . 4 3 9 5 2 1 Swap 53 | . 4 1 9 3 . . 2 6 9 6 7 5 1 Drop 113 | . . . 12 3 6 . 17 37 15 8 8 7 . Fire 199 | . 43 13 66 4 . . 8 11 . 32 3 6 13 Melee 186 | . . . . . . . . 8 68 37 37 32 4 Ram . | . . . . . . . . . . . . . . Kick 2 | . . . . . . . 1 1 . . . . . Crush . | . . . . . . . . . . . . . . Escape Stasis 9 | . . . . . . . . . 5 4 . . . Rewire 28 | . . . . . . . . . . 27 1 . . Trap . | . . . . . . . . . . . . . . Miscellaneous . | . . . . . . . . . . . . . . Route ------- -11/Scrapyard -10/Materials (discovered 2 exits: *Mat / *Min) -10/Mines (discovered 2 exits: *Mat x2) -9/Materials (discovered 4 exits: *Mat x2 / *Min x2) -9/Mines -9/Exiles -8/Mines -8/Materials -7/Factory -6/Factory (discovered 5 exits: Fac x4 / *Ext) -6/Extension (discovered 2 exits: *Fac / *Cet) -5/Factory -5/Upper Caves -5/Upper Caves History --------- Turn | Location | Event 5 | -11/Scrapyard | Discovered new exit (range 14) 55 | -11/Scrapyard | Entered Materials 238 | -10/Materials | Discovered new exit (range 8) 317 | -10/Materials | Build established: Mutant 323 | -10/Materials | Central database locked down 386 | -10/Materials | Discovered new exit (range 16) 579 | -10/Materials | Entered Mines 673 | -10/Mines | Discovered new exit (range 9) 799 | -10/Mines | Found DCF Scrap (13 items) 890 | -10/Mines | Learned Materials interactive machine intel 986 | -10/Mines | Discovered new exit (range 5) 1012 | -10/Mines | Entered Materials 1012 | -9/Materials | Evolved 2 slots: Utility x2 1013 | -9/Materials | Loaded intel: 18 interactive machine locations 1103 | -9/Materials | Discovered new exit (range 13) 1558 | -9/Materials | Identified exit to Mines 1577 | -9/Materials | Build established: Scavenger-Mutant 2011 | -9/Materials | Build established: Mutant 2403 | -9/Materials | Repaired Imp. Heat Sink 2512 | -9/Materials | Discovered new exit (range 12) 3097 | -9/Materials | Discovered new exit (range 11) 3274 | -9/Materials | Entered Mines 3342 | -9/Mines | Learned location of 1 exit from Lower Caves 3383 | -9/Mines | Met a Derelict who couldn't figure out how to use a Trap Extractor 3710 | -9/Mines | Deemed a non-threat by the Exiles lab entrance 3710 | -9/Mines | Discovered new exit (range 5) 3745 | -9/Mines | Entered Exiles 3806 | -9/Exiles | Met 8R-AWN 3849 | -9/Exiles | Met EX-HEX 3929 | -9/Exiles | Met EX-BIN 3980 | -9/Exiles | Aligned with FarCom system 3982 | -9/Exiles | Given EX-Vault access code 4043 | -9/Exiles | Opened EX-Vault 4180 | -9/Exiles | Found AWS/Thermal 4194 | -9/Exiles | Found Firepult 4204 | -9/Exiles | Found AWS/Gauss 4250 | -9/Exiles | Warned to stay clear of 0b10 Research branches 4320 | -9/Exiles | Met EX-DEC 4409 | -9/Exiles | Discovered new exit (range 12) 4457 | -9/Exiles | Stole three prototypes: AWS/Thermal, Firepult, AWS/Gauss 4457 | -9/Exiles | Entered Mines 5124 | -8/Mines | Discovered new exit (range 9) 5174 | -8/Mines | Entered Materials 5174 | -8/Materials | Evolved 2 slots: Propulsion x1, Utility x1 5623 | -8/Materials | Central database locked down 5658 | -8/Materials | Discovered new exit (range 4) 6153 | -8/Materials | Repaired Particle Charger 6262 | -8/Materials | AWS/Thermal suddenly broke down 6628 | -8/Materials | Entered Factory 6628 | -7/Factory | Evolved 2 slots: Propulsion x1, Utility x1 6630 | -7/Factory | FarCom data flow suspended 7171 | -7/Factory | Fabricated Y-54 Guardian (x2) 7377 | -7/Factory | Fabricated Imp. Recalibrator (x2) 8538 | -7/Factory | AWS/Thermal suddenly broke down 8622 | -7/Factory | AWS/Thermal suddenly broke down 8779 | -7/Factory | Fabricated Hvy. Missile Launcher (x1) 8803 | -7/Factory | Build established: Hacker-Mutant 9557 | -7/Factory | Discovered new exit (range 10) 9566 | -7/Factory | Identified exit to Factory 9619 | -7/Factory | Repaired VSS Leg 9658 | -7/Factory | Repaired VSS Leg 9697 | -7/Factory | Repaired VSS Leg 9737 | -7/Factory | Repaired VSS Leg 9818 | -7/Factory | Entered another Factory area 9818 | -6/Factory | Evolved 2 slots: Power x1, Utility x1 10133 | -6/Factory | Build established: Hacker-Gladiator 10790 | -6/Factory | Identified exit to Factory 11192 | -6/Factory | Discovered new exit (range 10) 11302 | -6/Factory | Identified exit to Extension 11303 | -6/Factory | Entered Extension 11377 | -6/Extension | AWS/Gauss suddenly broke down 11559 | -6/Extension | Lost 5 parts (2p1n2u) 11640 | -6/Extension | Core integrity fell below 50% 11677 | -6/Extension | Lost 3 allies 11879 | -6/Extension | Rescued A7 11977 | -6/Extension | Build established: Scavenger-Gladiator 12194 | -6/Extension | Spotted B-75 Beast 12215 | -6/Extension | Allies destroyed B-75 Beast 12222 | -6/Extension | Spotted B-75 Beast 12254 | -6/Extension | Allies destroyed B-75 Beast 12404 | -6/Extension | Discovered new exit (range 16) 12405 | -6/Extension | Discovered exit to Factory (range 15) 12423 | -6/Extension | Identified exit to Cetus 12440 | -6/Extension | Entered Factory 12440 | -5/Factory | Accompanied by 1 ally (A7) 12440 | -5/Factory | Evolved 2 slots: Utility x2 12726 | -5/Factory | Repaired Phasing Sabre 13264 | -5/Factory | Lost 7 parts (5n2u) 13413 | -5/Factory | Discovered new exit (range 30) 13491 | -5/Factory | Identified exit to Upper Caves 13492 | -5/Factory | Entered Upper Caves 13992 | -5/Upper Caves | Build established: Gladiator 14071 | -5/Upper Caves | Entered a destroyed Warlord outpost 14419 | -5/Upper Caves | Lost 4 parts (2n2u) 14607 | -5/Upper Caves | Core integrity fell below 50% 14651 | -5/Upper Caves | Lost 6 parts (2p1n3u) 14665 | -5/Upper Caves | Discovered new exit (range 15) 14687 | -5/Upper Caves | Core integrity fell below 20% 14704 | -5/Upper Caves | Identified exit to Upper Caves 14752 | -5/Upper Caves | Entered another Upper Caves area 14754 | -5/Upper Caves | Encountered a Master Thief 14759 | -5/Upper Caves | Imp. Arc Projector stolen by Master Thief 14809 | -5/Upper Caves | Encountered a Warlord checkpoint 14810 | -5/Upper Caves | Found DCF Scrap (10 items) 15116 | -5/Upper Caves | Build established: Derelict-Mutant 15210 | -5/Upper Caves | Attracted the attention of an 0b10 checkpoint 15348 | -5/Upper Caves | Destroyed by S-27 Virus with Autogun Last Messages --------------- 15253_ Neutrino Core fries itself beyond repair. 15254_ Wave Gun fries itself beyond repair. 15256_ Adv. Heat Sink fries itself beyond repair. 15258_ Imp. Treads fries itself beyond repair. 15262_ Corrupted Carbon-fiber Leg self-destruct mechanism malfunctions. 15263_ Acquired 10 matter. 15291_ =UISR4YR %7|%OMUP0 TCNEH 15326_ S-27 Virus misfires. 15333_ Hpw. Shock Rifle destroyed. 15334_ Imp. Shock Absorption System destroyed. 15335_ Hpw. Shock Rifle destroyed. 15338_ VTOL Module fried. 15338_ S-27 Virus destroyed. 15338_ Corruption Screen destroyed. 15340_ S-27 Virus destroyed. 15342_ Imp. Particle Charger destroyed. 15343_ Corrupted Lgt. Nuclear Core self-destruct mechanism malfunctions. Map ----- +----------------------------------------------------+ | ?????????????????????????????????????????????????? | | ?????????????????????????????????????????????????? | | ?????????????????????????????????????????????????? | | ?????????????????????????????????????????????????? | | ?????????????????????????????????????????????????? | | ?????????????????????????????????????????????????? | | ?????????????????????????????????????????????????? | | ?????????????????????????????????????????????????? | | ?????????????????????????????????????????????????? | | ?????????????????????????????????????????????????? | | ?????????????????????????????????????????????????? | | ???????????????????????????? #???????????????????? | | ??????????????????????????? #???????????????????? | | ??????????????????????????? ???????????????????? | | ??????????????????????????? ????????????????????? | | ??????????????????????????? ????????????????????? | | ?????????????????????######%*????????????????????? | | ????????????????????? *s#????????????????????? | | ?????????????????????? [=#????????????????????? | | ?????????????????????? [%#????????????????????? | | ??????????????????????? =###??????????????????? | | ??????????????????????? ###????????????????? | | ???????????????????????? ##???????????????? | | ???????????????????????? #???????????????? | | ????????????????????????# #???????????????? | | ???????????????########?#@ #???????????????? | | ??????????????## ### ## ##???????????????? | | ?????????????## ###????????????????????? | | ?????????????# #?? #?????????????????? | | ?????? ## #######?? #?????????????????? | | ????# ?????# #?####### #?????????????????? | | ????? ?????????# ### ##% ##????????????????? | | ??????????????????# ## #????????????????? | | ??????????????????#%[## #????????????????? | | ??????????????????# # ##????????????????? | | ??????????????????# %= ##?????????????????? | | ?????????????????## #??????????????????? | | ????????????????## #??????????????????? | | ????????????????# #??????????????????? | | ????????????????# *! #??????????????????? | | ????????????????# ## % ###????????????????? | | ????????????????## ### [ #????????????????? | | ?????????????????######= #### #????????????????? | | ????????????????????## ### ##?##???????????## | | ????????????????????# ## ## ##????????## # | | ????????????# ??????# #?######## | | ????????????# ### #??# ## | | ????????????# ##??# | | ?????????# #??## | | ????????? ## #?## | +----------------------------------------------------+ Best States ------------- Heat Dissipation 75 Coolant Potential 65 Energy Generation 32 Energy Capacity 520 Matter Stores 300 Matter Capacity 300 Sight Range 16 Robot Scan Range 16 Terrain Scan Density 10 ECM Strength 2 Corruption Block 8 Armor Coverage 225 Resistance: KI 30 Resistance: EX 50 Weapon Cycling 15 Melee Speed Boost 40 Phase Shifting 5 Evasion (%) 70 Targeting Accuracy 6 Melee Accuracy 6 Target Analysis 6 Core Analysis 6 Recoil Reduction 1 Particle Charging 20 Salvage Targeting 4 Offensive Hacking 20 Defensive Hacking 10 Item Schematics ----------------- Imp. Recalibrator | -7/Factory | Hacked Robot Schematics ------------------ None Fabricated ------------ Y-54 Guardian | x2 | -7/Factory | Preloaded Imp. Recalibrator | x2 | -7/Factory Hvy. Missile Launcher | x1 | -7/Factory | Preloaded Repaired ---------- Imp. Heat Sink | 7% | -9/Materials Particle Charger | 32% | -8/Materials VSS Leg | 3% | -7/Factory VSS Leg | 8% | -7/Factory VSS Leg | 28% | -7/Factory VSS Leg | 44% | -7/Factory Phasing Sabre | 13% | -5/Factory Studied --------- Spread Laser | -9/Materials | Hacked Aluminum Leg | -9/Materials | Hacked Particle Cannon | -9/Materials | Hacked Imp. Ion Engine | -9/Materials | Hacked VSS Leg | -6/Factory | Hacked Spear | -6/Factory | Hacked Flexi-carbon Leg | -6/Factory | Hacked Mic. Nuclear Core | -6/Factory | Hacked Alien Tech Used ----------------- None Achievements -------------- Consequences Challenges ------------ None Game ------ Seed WarlordExplosiveSuite Manual? 0 Play Time 01:37:03 Cumulative 132.5 hours Start 2026.09.17 @ 07:35:37 End 2026.09.17 @ 09:10:44 Sessions 1 Manual Loads 0 Difficulty Rogue Special Mode None Game No. 150 Rogue 150 Adventurer 0 Explorer 0 Win Type - Total 0 Types 0/0/0/0/0/0/0/0/0/0 Lore% 52 Gallery% 55 Achievement% 44 Wizard Run 0 Options --------- Layout 1 ASCII 0 Keyboard 0 Movement Mouse Keybinds 0 Fullscreen 2 Font 24/Smallcaps Map View 50x35 Zoom Use 0% Tactical HUD 1 Map Filters NONE Filters NONE Steam 1 RUN: ee398fa0-49aa-44a2-84b2-33c9aafac337